 Dungeon Crawl Stone Soup version 0.27.0-1-g7a089689b8 (webtiles) character file.

Game seed: 4264844010498627363

45 gimp the Stinger (level 3, 0/16 HPs)
             Began as a Vine Stalker Venom Mage on Aug 11, 2021.
             Slain by an ogre (16 damage)
             ... on level 3 of the Dungeon.
             The game lasted 00:02:14 (2295 turns).

gimp the Stinger (Vine Stalker Venom Mage)          Turns: 2295, Time: 00:02:14

Health: 0/16       AC:  2    Str: 10    XL:     3   Next: 64%
Magic:  0/8        EV: 12    Int: 16    God:
Gold:   83         SH:  0    Dex: 14    Spells: 2/8 levels left

rFire    . . .     SeeInvis .   e - +0 dagger
rCold    . . .     Faith    .   (no shield)
rNeg     . . .     Spirit   +   a - +0 robe
rPois    .         Reflect  .   (no helmet)
rElec    .         Harm     .   (no cloak)
rCorr    .         Rampage  .   (no gloves)
Will     .....                  (no boots)
Stlth    ++........             (no amulet)
HPRegen  0.05/turn              (no ring)
MPRegen  0.11/turn              (no ring)

@: very slightly contaminated
A: fangs 2, magic shield, antimagic bite, no potion heal 2
a: no special abilities


You were on level 3 of the Dungeon.
You visited 1 branch of the dungeon, and saw 3 of its levels.

You collected 83 gold pieces.

Inventory:

Hand Weapons
 e - a +0 dagger (weapon)
Missiles
 c - 11 poisoned darts
Armour
 a - a +0 robe (worn)
Jewellery
 j - a ring of poison resistance
Scrolls
 f - 3 scrolls of identify {unknown}
 g - a scroll of vulnerability {unknown}
 h - a scroll of immolation {unknown}
 i - a scroll of enchant weapon {unknown}
 k - a scroll of teleportation {unknown}
 l - a scroll of magic mapping {unknown}
Potions
 b - 2 potions of cancellation {unknown}
 d - a potion of attraction {unknown}
 m - a potion of heal wounds {unknown}
 n - a potion of brilliance {unknown}


   Skills:
 - Level 1.5 Dodging
 - Level 2.4 Stealth
 * Level 3.2 Spellcasting
 + Level 0.0 Conjurations
 - Level 1.0 Transmutations
 + Level 0.1 Air Magic
 * Level 3.8 Poison Magic


You had 2 spell levels left.
You knew the following spells:

 Your Spells              Type           Power      Damage    Failure   Level
a - Sting                 Tmut/Pois      40%        1d5       7%          1
b - Mephitic Cloud        Conj/Pois/Air  6%         N/A       32%         3
c - Poisonous Vapours     Pois/Air       16%        N/A       12%         2

Your spell library contained the following spells:

 Spells                   Type           Power      Damage    Failure   Level
 Olgreb's Toxic Radiance  Pois           14%        N/A       36%         4


Dungeon Overview and Level Annotations

Branches:
Dungeon (3/15)

Altars:
Ru


Innate Abilities, Weirdness & Mutations

You have extremely sharp teeth.
When hurt, damage is shared between your health and your magic reserves.
Your bite disrupts and absorbs the magic of your enemies.
Potions cannot restore your health.


Message History

Done exploring.
Done exploring.
You can't see any susceptible monsters within range! (Use Z to cast anyway.) Done exploring.
Done exploring.
Done exploring.
There is a stone staircase leading down here.
You climb downwards.
A kobold comes into view. It is wielding a +0 short sword.
Found a leather armour, a robe and 21 stones.
Found a stone staircase leading up.
There is a stone staircase leading up here.
A kobold is nearby!
The kobold shouts!
The sting misses the kobold.
You now have 7/8 mp.
The sting hits the kobold.
The kobold is poisoned.
You kill the kobold!
You now have 6/8 mp.
You can't see any susceptible monsters within range! (Use Z to cast anyway.)
Things that are here:
a +0 short sword; a kobold corpse Magic restored.
Found an escape hatch in the ceiling.
MP restored: 8
n - a lumpy red potion
Found a rapier.
An ogre comes into view. It is wielding a +0 giant club.
An ogre is nearby!
You miscast Sting.
You are very lightly contaminated with residual magic.
Nothing appears to happen.
You now have 7/8 mp.
The sting hits the ogre.
The ogre is poisoned.
The ogre is moderately wounded.
You now have 6/8 mp.
The sting misses the ogre.
The ogre hits you with a +0 giant club!!
Ouch! That really hurt!
You die...

## ##........
#...##.###
#...##.######
##...........
#..........#
####.......#
##..###.#..
##..)...^.#
#.@####....
#..O# ..
#......
#.......
#........
..$.......#
...........#
.........###


You could see an ogre (poisoned).

Vanquished Creatures
  8 ball pythons
  2 bats
  An endoplasm (D:1)
  A giant cockroach (D:1)
  4 goblins
  3 hobgoblins (D:2)
  5 jackals
  5 kobolds
  4 quokkas (D:1)
  A frilled lizard (D:2)
  6 rats
40 creatures vanquished.

Notes
Turn   | Place    | Note
-------+----------+-------------------------------------------
     0 | D:1      | gimp the Vine Stalker Venom Mage began the quest for the
                  | Orb.
     0 | D:1      | Reached XP level 1. HP: 9/9 MP: 4/4
   152 | D:1      | Reached XP level 2. HP: 13/13 MP: 1/6
   964 | D:1      | Reached XP level 3. HP: 16/16 MP: 4/8
  1589 | D:2      | Found a sacrificial altar of Ru.
  2069 | D:2      | Learned a level 3 spell: Mephitic Cloud
  2072 | D:2      | Learned a level 2 spell: Poisonous Vapours
  2290 | D:3      | Noticed an ogre
  2295 | D:3      | Slain by an ogre

Illustrated notes

Levels and vault maps discovered:
D:1:      evilmike_arrival_crescent, layout_basic
D:2:      layout_loops_corners, basic_altar
D:3:      layout_rooms, uniq_natasha, uniq_grinder, uniq_robin,
          uniq_crazy_yiuf_cottage

Skill      XL: |  1  2  3 |
---------------+----------+-----
Spellcasting   | 3 |  3.2
Dodging        | |  1.5
Stealth        | |  2.4
Transmutations | |  1.0
Air Magic      | |  0.1
Poison Magic   | |  3.8

Action                   || total
-------------------------++-------
Melee: Unarmed           ||     2
       Dagger            ||     1
       Bite              ||     1
 Cast: Sting             ||    75
Armor: Robe              ||     6
Dodge: Dodged            ||    21
